AoeStats
← MajorPansy

Arabia

507896283Analyzed
1v1 RM · 12d ago on Sep 20, 2026· 85m 57s· 2 players
Game mode
Random Map
Map size
Tiny (2 player)
Population
200
Speed
Normal
Resources
Standard
Victory
Conquest
Starting age
Dark Age
Ending age
Imperial Age
RankedLock teamsTeams togetherTeam positionsShared explorationLock speedFull tech treeHidden civsTurbo modeCheats
Victory
Defeat
🇺🇸 Slavs · United States
857
+16
🇨🇱 Maya · Chile
847
-16
Gocsa
9:49 Feudal Age
11:23 Double-Bit Axe
16:16 Fletching
16:27 Padded Archer Armor
16:17 Fletching
16:27 Padded Archer Armor
19:02 Loom
19:52 Wheelbarrow
23:15 Castle Age
21:50 Town Watch
24:17 Crossbowman
25:35 Bow Saw
25:11 Horse Collar
25:55 Heavy Plow
26:49 Hand Cart
28:31 Ballistics
28:59 Pikeman
30:05 Bodkin Arrow
31:53 Leather Archer Armor
32:41 Forging
32:31 Scale Mail Armor
34:55 Iron Casting
34:36 Chain Mail Armor
37:37 Squires
40:37 Arson
42:55 Hul'che Javelineers
45:31 Imperial Age
45:14 Thumb Ring
47:27 Arbalester
49:11 Bracer
50:19 Ring Archer Armor
51:17 Halberdier
53:59 Town Patrol
56:01 Blast Furnace
55:31 Plate Mail Armor
57:30 Chemistry
57:19 Onager
71:50 Murder Holes
71:48 Elite Skirmisher
73:47 Two-Man Saw
80:24 Capped Ram
83:20 Siege Ram
MajorPansy
8:54 Loom
11:21 Feudal Age
12:57 Horse Collar
13:20 Double-Bit Axe
15:12 Wheelbarrow
14:32 Gold Mining
20:34 Bloodlines
21:35 Fletching
23:00 Scale Barding Armor
23:42 Forging
26:53 Castle Age
27:35 Husbandry
26:57 Light Cavalry
28:00 Chain Barding Armor
28:06 Hand Cart
27:52 Heavy Plow
28:04 Bow Saw
29:26 Iron Casting
38:26 Bodkin Arrow
40:12 Detinets
40:35 Stone Mining
44:46 Imperial Age
45:42 Gold Shaft Mining
45:10 Hussar
47:17 Crop Rotation
47:39 Hoardings
50:41 Chemistry
49:52 Masonry
49:31 Heavy Cavalry Archer
50:37 Capped Ram
52:30 Ballistics
53:45 Two-Man Saw
54:25 Siege Engineers
55:18 Siege Ram
56:51 Conscription
57:11 Plate Barding Armor
58:48 Murder Holes
60:35 Blast Furnace
62:03 Onager
64:01 Padded Archer Armor
64:02 Scale Mail Armor
69:07 Leather Archer Armor
68:17 Crossbowman
69:01 Town Watch
68:48 Elite Skirmisher
71:58 Druzhina
72:01 Siege Onager
72:38 Sappers
75:20 Ring Archer Armor
75:08 Chain Mail Armor
77:45 Town Patrol
81:11 Plate Mail Armor
Connection lost

Rejoining the realm…

Still unreachable

The connection could not be restored.

Session expired

The server has moved on; the page needs a fresh start.